3A
YORK REVOLUTION @ GALESBURG GUZZLERS
07/28/2025
 
TOP OF THE 1ST
York Revolution batting - Pitching for Galesburg Guzzlers : LHP Gabriel Valenzuela
Pitching: LHP Gabriel Valenzuela
Batting: RHB Terry Cheadle 0-0: Foul Ball, location: 2F
0-1: Ball
1-1: Ball
2-1: Ground out 5-3 (Groundball, 56)
Batting: RHB Francisco Rodríguez 0-0: SINGLE (Line Drive, 6D)
Batting: RHB Leo Cadden 0-0: Ball
1-0: Swinging Strike
1-1: Ball
2-1: DOUBLE (Line Drive, 89D)
Francisco Rodríguez to third
Batting: LHB Harold Wiggins 0-0: Ball
1-0: Called Strike
1-1: Foul Ball, location: 2F
1-2: Strikes out swinging
Batting: RHB Jorge Estrada 0-0: Ball
1-0: Foul Ball, location: 2F
1-1: Swinging Strike
1-2: Foul Ball, location: 2F
1-2: Ball
2-2: Ball
3-2: Foul Ball, location: 2F
3-2: Base on Balls
Batting: SHB Roberto Córdova 0-0: Swinging Strike
0-1: Ball
1-1: Foul Ball, location: 2F
1-2: Ball
2-2: Ball
3-2: Strikes out swinging
Top of the 1st over - 0 run(s), 2 hit(s), 0 error(s), 3 left on base; York 0 - Galesburg 0
BOTTOM OF THE 1ST
Galesburg Guzzlers batting - Pitching for York Revolution : LHP Harvey Richards
Pitching: LHP Harvey Richards
Batting: RHB Eun-bum Kim 0-0: Ball
1-0: SINGLE (Groundball, 34D)
Batting: RHB Toussiant L'Ouverture 0-0: Ball
1-0: Ball
2-0: Ball
Wild Pitch!
Eun-bum Kim to second
3-0: Called Strike
3-1: Foul Ball, location: 2F
3-2: Strikes out swinging
Batting: LHB Adrián Gómez 0-0: Ball
1-0: Foul Ball, location: 2F
1-1: Ball
2-1: Fly out, F7 (Flyball, 7)
Batting: RHB Carlos Cardona 0-0: Ball
1-0: Ground out 3-1 (Groundball, 34)
Bottom of the 1st over - 0 run(s), 1 hit(s), 0 error(s), 1 left on base; York 0 - Galesburg 0
TOP OF THE 2ND
York Revolution batting - Pitching for Galesburg Guzzlers : LHP Gabriel Valenzuela
Batting: RHB Chano Guzmán 0-0: Ball
1-0: Swinging Strike
1-1: Ball
2-1: Foul Ball, location: 2F
2-2: Ball
3-2: Strikes out looking
Batting: RHB Jorge Barrón 0-0: Ball
1-0: Ball
2-0: Foul Ball, location: 2F
2-1: Swinging Strike
2-2: Ball
3-2: Strikes out swinging
Batting: RHB Edgardo Bello 0-0: Ball
1-0: Called Strike
1-1: Foul Ball, location: 2F
1-2: Strikes out swinging
Top of the 2nd over - 0 run(s), 0 hit(s), 0 error(s), 0 left on base; York 0 - Galesburg 0
BOTTOM OF THE 2ND
Galesburg Guzzlers batting - Pitching for York Revolution : LHP Harvey Richards
Batting: LHB Daniel Faraday 0-0: Ground out 1-3 (Groundball, 13)
Batting: RHB Gabrio Campoverde 0-0: Ball
1-0: Called Strike
1-1: Called Strike
1-2: SINGLE (Groundball, 34D)
Batting: RHB Jorge Velázquez 0-0: Ball
1-0: Called Strike
1-1: Foul Ball, location: 2F
1-2: Ball
2-2: Ball
3-2: Ground out 4-3 (Groundball, 4D)
Gabrio Campoverde to second
Batting: RHB José Díaz 0-0: Ball
1-0: Ball
2-0: Fly out, F4 (Line Drive, 4)
Bottom of the 2nd over - 0 run(s), 1 hit(s), 0 error(s), 1 left on base; York 0 - Galesburg 0
TOP OF THE 3RD
York Revolution batting - Pitching for Galesburg Guzzlers : LHP Gabriel Valenzuela
Batting: RHB Terry Cheadle 0-0: Ball
1-0: Called Strike
1-1: Ball
2-1: Foul Ball, location: 2F
2-2: SINGLE (Groundball, 4MD)
Batting: RHB Francisco Rodríguez 0-0: Ball
1-0: Called Strike
1-1: Called Strike
1-2: Foul Ball, location: 2F
1-2: Strikes out swinging
Batting: RHB Leo Cadden 0-0: Ball
Terry Cheadle steals 2nd base
1-0: Ball
2-0: Called Strike
2-1: Ball
3-1: Fly out, F6 (Line Drive, 6)
Batting: LHB Harold Wiggins 0-0: Called Strike
0-1: Foul Ball, location: 2F
0-2: Foul Ball, location: 2F
0-2: Ball
1-2: Ball
2-2: Strikes out swinging
Top of the 3rd over - 0 run(s), 1 hit(s), 0 error(s), 1 left on base; York 0 - Galesburg 0
BOTTOM OF THE 3RD
Galesburg Guzzlers batting - Pitching for York Revolution : LHP Harvey Richards
Batting: LHB Shahid Afridi 0-0: Ball
1-0: Called Strike
1-1: Ball
2-1: Called Strike
2-2: Strikes out swinging
Batting: RHB Eun-bum Kim 0-0: DOUBLE (Flyball, 9)
Batting: RHB Toussiant L'Ouverture 0-0: Ball
1-0: Foul Ball, location: 2F
1-1: Ball
2-1: Foul Ball, location: 2F
2-2: DOUBLE (Flyball, 8LD)
Eun-bum Kim scores
Batting: LHB Adrián Gómez 0-0: Ball
1-0: Ball
2-0: Ball
3-0: Base on Balls
Batting: RHB Carlos Cardona 0-0: Called Strike
0-1: Ball
1-1: Grounds into double play, 4-6-3 (Groundball, 34)
Bottom of the 3rd over - 1 run(s), 2 hit(s), 0 error(s), 1 left on base; York 0 - Galesburg 1
TOP OF THE 4TH
York Revolution batting - Pitching for Galesburg Guzzlers : LHP Gabriel Valenzuela
Batting: RHB Jorge Estrada 0-0: Ball
1-0: Ground out 5-3 (Groundball, 5)
Batting: SHB Roberto Córdova 0-0: Called Strike
0-1: Called Strike
0-2: Strikes out swinging
Batting: RHB Chano Guzmán 0-0: Ball
1-0: Foul Ball, location: 2F
1-1: Foul Ball, location: 2F
1-2: Foul Ball, location: 2F
1-2: Ball
2-2: Foul Ball, location: 2F
2-2: Foul Ball, location: 2F
2-2: Foul Ball, location: 2F
2-2: Ball
3-2: Foul Ball, location: 2F
3-2: Base on Balls
Batting: RHB Jorge Barrón 0-0: Called Strike
0-1: Foul Ball, location: 2F
0-2: Strikes out swinging
Top of the 4th over - 0 run(s), 0 hit(s), 0 error(s), 1 left on base; York 0 - Galesburg 1
BOTTOM OF THE 4TH
Galesburg Guzzlers batting - Pitching for York Revolution : LHP Harvey Richards
Batting: LHB Daniel Faraday 0-0: Ball
1-0: Swinging Strike
1-1: Ball
2-1: Foul Ball, location: 2F
2-2: Ball
3-2: Strikes out swinging
Batting: RHB Gabrio Campoverde 0-0: Foul Ball, location: 2F
0-1: Ball
1-1: Fly out, F5 (Line Drive, 5)
Batting: RHB Jorge Velázquez 0-0: Foul Ball, location: 2F
0-1: Ball
1-1: Ball
2-1: Fly out, F8 (Flyball, 8RM)
Bottom of the 4th over - 0 run(s), 0 hit(s), 0 error(s), 0 left on base; York 0 - Galesburg 1
TOP OF THE 5TH
York Revolution batting - Pitching for Galesburg Guzzlers : LHP Gabriel Valenzuela
Batting: RHB Edgardo Bello 0-0: Ball
1-0: SINGLE (Line Drive, 7S)
Batting: RHB Terry Cheadle 0-0: Sac Bunt - play at first, batter OUT! 5-4
Edgardo Bello to second
Batting: RHB Francisco Rodríguez 0-0: Called Strike
0-1: Ball
1-1: Fly out, F8 (Flyball, 8RS)
Batting: RHB Leo Cadden 0-0: Ball
1-0: Ball
2-0: DOUBLE (Line Drive, 7LM)
Edgardo Bello scores
Batting: LHB Harold Wiggins 0-0: Called Strike
0-1: Foul Ball, location: 2F
0-2: Foul Ball, location: 2F
0-2: Ball
1-2: Strikes out swinging
Top of the 5th over - 1 run(s), 2 hit(s), 0 error(s), 1 left on base; York 1 - Galesburg 1
BOTTOM OF THE 5TH
Galesburg Guzzlers batting - Pitching for York Revolution : LHP Harvey Richards
Batting: RHB José Díaz 0-0: Ball
1-0: Foul Ball, location: 2F
1-1: Foul Ball, location: 2F
1-2: SOLO HOME RUN (Flyball, 78XD), Distance : 425 ft
Pitching: RHP Roger Serr
Batting: LHB Shahid Afridi 0-0: Ball
1-0: Ball
2-0: Fly out, F9 (Flyball, 9)
Batting: RHB Eun-bum Kim 0-0: Ball
1-0: Called Strike
1-1: Called Strike
1-2: Ball
2-2: Strikes out looking
Batting: RHB Toussiant L'Ouverture 0-0: SINGLE (Line Drive, 6M)
Batting: LHB Adrián Gómez 0-0: Ball
1-0: Foul Ball, location: 2F
1-1: Ball
2-1: DOUBLE (Groundball, 5L)
Toussiant L'Ouverture to third
Runner from 3rd tries for Home, SAFE, throw made home
Batting: RHB Carlos Cardona 0-0: Ball
1-0: Foul Ball, location: 2F
1-1: Ball
2-1: Fly out, F1 (Line Drive, 15)
Bottom of the 5th over - 2 run(s), 3 hit(s), 0 error(s), 1 left on base; York 1 - Galesburg 3
TOP OF THE 6TH
York Revolution batting - Pitching for Galesburg Guzzlers : LHP Gabriel Valenzuela
Batting: RHB Jorge Estrada 0-0: Hit by Pitch
Batting: SHB Roberto Córdova 0-0: Bunted foul
0-1: Bunt missed!
0-2: Ball
Jorge Estrada steals 2nd base
1-2: Fly out, F8 (Flyball, 8LM)
Batting: RHB Chano Guzmán 0-0: Called Strike
Jorge Estrada steals 3rd base
0-1: Called Strike
0-2: Strikes out looking
Batting: RHB Jorge Barrón 0-0: Ground out 6-3 (Groundball, 6)
Top of the 6th over - 0 run(s), 0 hit(s), 0 error(s), 1 left on base; York 1 - Galesburg 3
BOTTOM OF THE 6TH
Galesburg Guzzlers batting - Pitching for York Revolution : RHP Roger Serr
Batting: LHB Daniel Faraday 0-0: Ball
1-0: Foul Ball, location: 2F
1-1: Foul Ball, location: 2F
1-2: Ball
2-2: SINGLE (Groundball, 34D)
Batting: RHB Gabrio Campoverde 0-0: Ball
1-0: Called Strike
Daniel Faraday is caught stealing 2nd base
1-1: Called Strike
1-2: Ball
2-2: Ground out 5-3 (Groundball, 56)
Batting: RHB Jorge Velázquez 0-0: Ball
1-0: Foul Ball, location: 2F
1-1: Foul Ball, location: 2F
1-2: Ball
2-2: SINGLE (Line Drive, 9S)
Batting: RHB José Díaz 0-0: Called Strike
0-1: DOUBLE (Groundball, 5L)
Jorge Velázquez to third
Runner from 3rd tries for Home, SAFE, no throw
Batting: LHB Shahid Afridi 0-0: Intentional Walk
Batting: RHB Eun-bum Kim 0-0: Swinging Strike
0-1: Fly out, F9 (Flyball, 89D)
Bottom of the 6th over - 1 run(s), 3 hit(s), 0 error(s), 2 left on base; York 1 - Galesburg 4
TOP OF THE 7TH
York Revolution batting - Pitching for Galesburg Guzzlers : LHP Gabriel Valenzuela
Batting: RHB Edgardo Bello 0-0: Foul Ball, location: 2F
0-1: Fly out, F9 (Flyball, 9LM)
Batting: RHB Terry Cheadle 0-0: Ball
1-0: SINGLE (Line Drive, 9S)
Batting: RHB Francisco Rodríguez 0-0: Ball
1-0: Called Strike
1-1: Called Strike
1-2: Strikes out swinging
Terry Cheadle steals 2nd base
Batter strikes out.
Pitching: RHP Ernst Chia
Batting: RHB Leo Cadden 0-0: Swinging Strike
0-1: Foul Ball, location: 2F
0-2: Ball
1-2: Foul Ball, location: 2F
1-2: Strikes out swinging
Top of the 7th over - 0 run(s), 1 hit(s), 0 error(s), 1 left on base; York 1 - Galesburg 4
BOTTOM OF THE 7TH
Galesburg Guzzlers batting - Pitching for York Revolution : RHP Roger Serr
Batting: RHB Toussiant L'Ouverture 0-0: Ball
1-0: Swinging Strike
1-1: Called Strike
1-2: Strikes out swinging
Batting: LHB Adrián Gómez 0-0: Ball
1-0: SINGLE (Flyball, 7S)
Batting: RHB Carlos Cardona 0-0: Called Strike
0-1: Called Strike
0-2: Strikes out looking
Batting: LHB Daniel Faraday 0-0: Swinging Strike
0-1: Foul Ball, location: 2F
0-2: Ball
1-2: Strikes out swinging
Bottom of the 7th over - 0 run(s), 1 hit(s), 0 error(s), 1 left on base; York 1 - Galesburg 4
TOP OF THE 8TH
York Revolution batting - Pitching for Galesburg Guzzlers : RHP Ernst Chia
Batting: LHB Harold Wiggins 0-0: Ball
1-0: Foul Ball, location: 2F
1-1: Foul Ball, location: 2F
1-2: Ground out 4-3 (Groundball, 34)
Batting: RHB Jorge Estrada 0-0: Called Strike
0-1: Ball
1-1: Foul Ball, location: 2F
1-2: Foul Ball, location: 2F
1-2: Strikes out swinging
Batting: SHB Roberto Córdova 0-0: Called Strike
0-1: Ball
1-1: Ball
2-1: Ball
3-1: Base on Balls
Batting: RHB Chano Guzmán 0-0: Ball
1-0: Foul Ball, location: 2F
1-1: Foul Ball, location: 2F
1-2: Ball
2-2: Strikes out looking
Top of the 8th over - 0 run(s), 0 hit(s), 0 error(s), 1 left on base; York 1 - Galesburg 4
BOTTOM OF THE 8TH
Galesburg Guzzlers batting - Pitching for York Revolution : RHP Roger Serr
Batting: RHB Gabrio Campoverde 0-0: Swinging Strike
0-1: Foul Ball, location: 2F
0-2: Foul Ball, location: 2F
0-2: Hit by Pitch
Batting: RHB Jorge Velázquez 0-0: Bunted foul
0-1: Bunt missed!
0-2: Foul Ball, location: 2F
0-2: Ball
Gabrio Campoverde steals 2nd base
1-2: Ball
2-2: DOUBLE (Line Drive, 7LM)
Gabrio Campoverde scores
Pitching: RHP Héctor León
Batting: RHB José Díaz 0-0: Ground out 6-3 (Groundball, 56)
Batting: LHB Shahid Afridi 0-0: Intentional Walk
Batting: RHB Eun-bum Kim 0-0: Called Strike
0-1: Ball
1-1: Ball
2-1: Called Strike
2-2: Foul Ball, location: 2F
2-2: Foul Ball, location: 2F
2-2: Foul Ball, location: 2F
2-2: Ball
3-2: SINGLE (Groundball, 56) (infield hit)
Jorge Velázquez to third
Shahid Afridi to second
Batting: RHB Toussiant L'Ouverture 0-0: Swinging Strike
0-1: Ball
1-1: Ball
2-1: DOUBLE (Flyball, 7)
Jorge Velázquez scores
Shahid Afridi scores
Eun-bum Kim to third
Batting: LHB Adrián Gómez 0-0: Called Strike
0-1: SINGLE (Groundball, 6M) (infield hit)
Eun-bum Kim scores
Toussiant L'Ouverture to third
Batting: RHB Carlos Cardona 0-0: Ball
1-0: SINGLE (Groundball, 4MD)
Toussiant L'Ouverture scores
Adrián Gómez to second
Batting: LHB Daniel Faraday 0-0: Called Strike
0-1: Foul Ball, location: 2F
0-2: Ball
1-2: Fielders Choice at 2nd, 6-4 (Groundball, 6)
Adrián Gómez to third
Batting: RHB Gabrio Campoverde 0-0: Ball
1-0: Called Strike
1-1: Fly out, F6 (Line Drive, 6M)
Bottom of the 8th over - 5 run(s), 5 hit(s), 0 error(s), 2 left on base; York 1 - Galesburg 9
TOP OF THE 9TH
York Revolution batting - Pitching for Galesburg Guzzlers : RHP Ernst Chia
Now at C: Héctor Álvarez
Now at 1B: Jeff Cornelis
Now in CF: José Alfaro
Now in RF: Walter Roda
Batting: RHB Jorge Barrón 0-0: Foul Ball, location: 2F
0-1: Ball
1-1: Foul Ball, location: 2F
1-2: Strikes out looking
Batting: RHB Edgardo Bello 0-0: Ground out 1-5-3 (Groundball, 15S)
Batting: RHB Terry Cheadle 0-0: Ball
1-0: Ball
2-0: Called Strike
2-1: Ball
3-1: Swinging Strike
3-2: Strikes out swinging
Top of the 9th over - 0 run(s), 0 hit(s), 0 error(s), 0 left on base; York 1 - Galesburg 9
Friday, December 30th, 2016 - OOTP Baseball 17.12 Build 75